Map: Ulrena

Players

Hikarie - Winner!

  • Race: Protoss Protoss
  • League: Gold

Ibstronk

  • Race: Terran Terran
  • League: Platinum

VOD

Have the link to the VOD?

Description

Time

  • Played on: Nov. 15, 2015, 1:01 p.m.
  • Length: 5:06
Show
View Real Time Build Order
Export as new Build Order

Hikarie Protoss - Winner!

Build Orders:  

Get SALT Encoding   

  12  0:01  Probe (Chrono Boost)  
  13  0:11  Probe (Chrono Boost)  
  14  0:20  Pylon  
  14  0:24  Probe (Chrono Boost)  
  15  0:38  Forge  
  15  0:47  Pylon  
  15  0:49  Probe (Chrono Boost)  
  16  1:00  Probe (Chrono Boost)  
  17  1:12  Photon Cannon  
  17  1:20  Probe (Chrono Boost)  
  18  1:31  Probe (Chrono Boost)  
  19  1:33  Pylon  
  19  1:34  Pylon  
  19  1:40  Pylon  
  19  1:43  Pylon  
  19  1:46  Pylon  
  19  1:56  Photon Cannon  
  19  1:58  Pylon  
  19  1:59  Pylon  
  19  2:01  Pylon  
  19  2:13  Photon Cannon  
  19  2:17  Pylon  
  19  2:29  Probe (Chrono Boost)  
  20  2:34  Pylon  
  20  2:39  Probe (Chrono Boost)  
  20  2:42  Gateway  
  20  2:43  Assimilator  
  21  2:47  Assimilator  
  21  2:50  Probe (Chrono Boost)  
  22  2:52  Pylon  
  21  3:02  Probe (Chrono Boost)  
  22  3:13  Probe (Chrono Boost)  
  23  3:23  Probe (Chrono Boost)  
  24  3:27  Pylon  
  24  3:29  Pylon  
  24  3:34  Probe (Chrono Boost)  
  24  3:45  Cybernetics Core  
  24  3:46  Pylon  
  24  3:49  Pylon  
  24  3:51  Pylon  
  24  4:01  Photon Cannon  
  24  4:03  Pylon  
  24  4:04  Pylon  
  24  4:09  Photon Cannon  
  23  4:34  Pylon  
  23  4:40  Mothership Core (Chrono Boost)  
Show
View Real Time Build Order
Export as new Build Order

Ibstronk Terran 

Build Orders:  

Get SALT Encoding   

  12  0:00  SCV  
  13  0:13  SCV  
  14  0:17  Supply Depot  
  14  0:25  SCV  
  15  0:39  SCV  
  16  0:43  Barracks  
  16  0:50  Refinery  
  16  0:52  SCV  
  18  1:04  SCV, Refinery  
  18  1:16  SCV  
  18  1:59  Barracks  
  16  2:51  Barracks Tech Lab  
  16  2:52  Bunker  
  18  3:13  Marauder  
  18  3:14  Concussive Shells  
  20  3:34  Marauder  
  20  3:37  Barracks Reactor  
  20  3:47  Refinery  
  20  3:48  Refinery  
Tags
 
Add a new tag
Caveats
  • Supply blocks, unpowered buildings, or Contaminate may cause inaccurate times.
  • Supply counts are checked every 10 seconds.